 Dungeon Crawl Stone Soup version 0.19.1 (webtiles) character file.

135205 ChaseSP the Bludgeoner (level 16, -5/135 HPs)
             Began as a Deep Dwarf Fighter on Nov 26, 2016.
             Was the Champion of Makhleb.
             Slain by a merfolk impaler
             ... wielding a +0 demon trident
              (8 damage)
             ... on level 2 of the Shoals on Nov 27, 2016.
             The game lasted 02:21:45 (30872 turns).

ChaseSP the Bludgeoner (Deep Dwarf Fighter)        Turns: 30872, Time: 02:21:46

Health: -5/135     AC: 26    Str: 24    XL:     16   Next: 63%
Magic:  0/1        EV: 18    Int: 18    God:    Makhleb [******]
Gold:   988        SH:  0    Dex: 20    Spells: 0 memorised, 21 levels left

rFire  + + .     SeeInvis .     U - +3 great mace (protect)
rCold  x . .     Gourm    .     B - +0 fire dragon scales
rNeg   + + .     Faith    +     (shield currently unavailable)
rPois  .         Spirit   .     Y - +1 hat
rElec  +         Reflect  .     K - +0 cloak
rCorr  .         Harm     .     u - +2 pair of gloves
MR     ++...                    g - +2 pair of boots
Stlth  ..........               j - amulet of faith
                                p - +4 ring of protection
                                d - ring "Nankokiung" {rElec rN+ MP-9 Int+7 Dex+5}

@: lethally poisoned (-5 -> -18), exhausted, about to teleport, barbed spikes,
non-regenerating, slowed, very slow
A: damage resistance, recharge devices, antennae 1, hooves 1, frail 1, negative
energy resistance 1, sense surroundings 2, slow regeneration 3, strong 1, wild
magic 1, MP-powered wands
a: Device Recharging, Minor Destruction, Lesser Servant of Makhleb, Major
Destruction, Greater Servant of Makhleb, Renounce Religion


You were on level 2 of the Shoals.
You worshipped Makhleb.
Makhleb was exalted by your worship.
You were not hungry.

You visited 6 branches of the dungeon, and saw 29 of its levels.
You also visited: Labyrinth and Ossuary.

You collected 2254 gold pieces.
You spent 1266 gold pieces at shops.

Inventory:

Hand Weapons
 a - a +1 flail of flaming
 b - a +0 hand crossbow
 U - a +3 great mace of protection (weapon)
Missiles
 x - 103 bolts
Armour
 g - a +2 pair of boots (worn)
 r - a +0 plate armour
 u - a +2 pair of gloves (worn)
 B - +0 fire dragon scales (worn)
 K - a +0 cloak (worn)
 Q - a +2 shield of poison resistance
 Y - a +1 hat (worn)
Jewellery
 d - the ring "Nankokiung" (left hand) {rElec rN+ MP-9 Int+7 Dex+5}
   (You found it in a labyrinth)

   [ring of dexterity]

   It affects your intelligence (+7).
   It affects your dexterity (+5).
   It insulates you from electricity.
   It protects you from negative energy.
   It affects your magic capacity (-9).
 f - an uncursed ring of protection from fire
 j - an amulet of faith (around neck)
 p - a +4 ring of protection (right hand)
 w - an uncursed ring of see invisible
 A - an uncursed ring of protection from cold
 R - an uncursed ring of fire
 S - an uncursed ring of protection from magic
Wands
 e - a wand of heal wounds (4/9)
 C - a wand of paralysis (9/24)
 F - a wand of digging (22/24)
 G - a wand of lightning (7/15)
 H - a wand of confusion (33/48)
 I - a wand of hasting (3/9)
 O - a wand of flame (30/48)
 V - a wand of lightning (8/15)
 Z - a wand of slowing (15/48)
Scrolls
 m - 4 scrolls of teleportation
 t - 10 scrolls of remove curse
 D - 6 scrolls of fog
 E - a scroll of brand weapon
 L - 4 scrolls of blinking
 X - a scroll of fear
Potions
 h - 4 potions of heal wounds
 i - 5 potions of curing
 l - 6 potions of flight
 n - 4 potions of lignification
 o - a potion of invisibility
 y - a potion of resistance
 z - 5 potions of brilliance
 J - 3 potions of ambrosia
 M - 3 potions of cancellation
 P - a potion of might
 W - 2 potions of haste
Books
 v - a book of Callings

   Spells                             Type                      Level
   a - Summon Small Mammal            Summoning                    1
   b - Call Imp                       Summoning                    2
   c - Call Canine Familiar           Summoning                    3
   d - Summon Guardian Golem          Hexes/Summoning              3
   e - Summon Lightning Spire         Summoning/Air                4
   f - Summon Ice Beast               Ice/Summoning                4
Miscellaneous
 q - 3 phantom mirrors
Comestibles
 c - 8 slices of pizza
 k - 14 bread rations
 s - 12 meat rations
 T - a chunk of flesh


   Skills:
 - Level 11.0 Fighting
 * Level 15.2 Maces & Flails
 - Level 8.1 Crossbows
 - Level 13.6 Armour
 - Level 10.4 Dodging
 - Level 10.0 Shields
 - Level 3.1 Spellcasting
 + Level 14.6 Invocations
 - Level 10.0 Evocations


You had 21 spell levels left.
You didn't know any spells.

Dungeon Overview and Level Annotations

Branches:
Dungeon (15/15)            Temple (1/1) D:6            Lair (6/6) D:9
 Shoals (2/4) Lair:3       Spider (3/4) Lair:3        Slime (0/5) Lair:6
    Orc (2/2) D:12            Elf (0/3) Orc:2        Vaults (0/5) D:13
 Depths (0/5) D:15

Altars:
Ashenzari
Cheibriados
Dithmenos
Elyvilon
Fedhas
Gozag
Hepliaklqana
Makhleb
Nemelex Xobeh
Okawaru
Qazlal
Ru
Sif Muna
Trog
Zin
The Shining One
Jiyva
Lugonu

Shops:
D:5 [   D:8 *   D:10 }   D:13 *   Orc:2 }%[[*%(

Annotations:
Shoals:2 Aizul, Nikola
Spider:3 Asterion


Innate Abilities, Weirdness & Mutations

You are resistant to damage.
You can recharge devices by infusing magical energy.
You resist negative energy. (rN+)
You passively map the area around you.
You do not regenerate.
You have a pair of small antennae on your head.
You have large cloven feet.
You are frail. (-10% HP)
Your muscles are strong. (Str +2)
Your spells are a little harder to cast, but a little more powerful.
You expend magic power (3 MP) to strengthen your wands.


Message History

The manticore claws the plant but does no damage. x2
You barely miss the snapping turtle.
The snapping turtle is lightly wounded.
You feel sick.
The wind drake bites the plant!
The snapping turtle misses you.
The merfolk impaler hits you from afar with a demon trident.
The merfolk hits you but does no damage.
Unknown command.
As you read the scroll of teleportation, it crumbles to dust.
You feel strangely unstable.
Aizul coils herself and waves her upper body at you.
The poison arrow hits you!
You are more poisoned.
* * * LOW HITPOINT WARNING * * *
The wind drake flaps its wings at you. The air twists around and strikes you!
The merfolk impaler hits you but does no damage.
The snapping turtle barely misses you. The merfolk impaler misses you.
The merfolk closely misses you.
The merfolk impaler hits you from afar with a demon trident!
You die...

≈ ≈≈ ≈≈≈≈≈≈., ,≈ ≈ ≈ ≈
≈≈≈≈ ≈ ≈ ≈ ≈ ≈≈≈≈≈.###,
≈≈≈≈ ≈≈≈≈≈ ≈ ≈ ≈≈≈.....
≈≈≈≈≈≈≈ ≈≈≈≈ ≈ *,..[.....
, ≈≈≈≈≈ ≈≈≈≈ ≈≈≈ , ......*
...≈≈≈ ≈≈≈≈≈≈ ≈ ≈ ,#...#
#.."≈≈≈≈≈≈≈≈≈≈ ...
,#...###..≈≈≈≈≈≈≈≈≈≈≈ ≈
≈?..., #..S..≈≈≈≈≈≈≈≈≈≈≈≈≈
≈
.≈≈.###.@#..≈≈≈≈≈≈≈≈≈≈≈≈≈
,,,
.≈....mt##{≈≈≈≈≈≈≈..≈≈≈≈.
*
≈≈≈...Hm..S≈≈≈≈≈≈≈.≈≈≈≈.≈
≈≈≈.≈P≈PP.≈≈≈≈≈≈≈≈≈.≈≈≈≈.
,
≈≈≈≈≈.c≈≈S.≈≈≈≈≈≈.≈≈≈≈≈≈≈≈
≈
≈≈≈≈≈≈≈†(≈EPP≈≈≈≈≈≈≈≈≈≈≈≈≈
,≈≈
≈≈≈≈≈P≈≈≈≈≈≈≈≈≈≈≈≈.≈≈≈≈..
≈
≈≈≈≈≈≈≈@≈≈P≈≈≈≈≈≈≈≈≈≈.≈..
,
≈≈≈≈≈≈≈≈≈P≈≈≈≈≈≈≈≈≈≈.....


You could see Nikola, Aizul, a merfolk impaler, a satyr, a snapping turtle, a
merfolk and a manticore.

Vanquished Creatures
  A kraken (Shoals:1)
  Agnes (Spider:2)
  A tengu reaver (D:11)
  Louise (D:14)
  A ghost moth (Spider:2)
  Nessos (Lair:4)
  Snorg (Lair:4)
  An ettin (Orc:2)
  A minotaur (Lab)
  2 ice dragons (D:15)
  8 vault guards (D:13)
  9 hydras
  2 catoblepae
  Fannar (Lair:1)
  3 centaur warriors (D:14)
  2 merfolk avatars (Shoals:1)
  A merfolk aquamancer (Shoals:1)
  The ghost of Nurple the Basher, a journeyman GrFi of Trog (Orc:1)
  3 death yaks (Lair:6)
  A deep troll shaman (Lair:6)
  4 tengu warriors
  3 orc high priests (Orc:2)
  Urug (Lair:4)
  4 sea snakes
  4 wizards (D:13)
  A lindwurm (Lair:3)
  4 harpies (Shoals:2)
  6 hill giants
  2 wolf spider zombies (D:13)
  4 orc sorcerers
  4 ugly things
  17 wolf spiders
  5 orc knights
  6 manticores
  4 deep elf magi
  8 orb spiders
  5 fauns (Shoals:1)
  A cyclops (D:14)
  13 elephants
  A moth of wrath (Spider:1)
  A centaur zombie (D:11)
  3 black mambas
  A siren (Shoals:1)
  Joseph (Lair:1)
  A water nymph (Shoals:1)
  10 spiny frogs
  10 gargoyles
  3 rime drakes
  9 kobold demonologists
  An efreet (D:13)
  10 komodo dragons
  5 demonic crawlers
  3 polar bears
  15 jumping spiders
  4 merfolk
  6 trolls
  3 meliai
  A two-headed ogre (D:9)
  19 blink frogs
  5 slime creatures (D:13)
  3 snapping turtles
  14 hippogriffs
  A spriggan (D:8)
  2 shadows
  3 tarantellas
  6 water elementals
  2 wyverns (D:11)
  24 yaks
  A vampire (D:11)
  14 redbacks
  3 wraiths
  A fire elemental (Lair:1)
  6 vampire mosquitoes
  Grum (D:8)
  A steam dragon (Lair:5)
  4 wargs
  2 mottled dragons
  13 water moccasins
  Duvessa (D:5)
  A swamp drake (D:12)
  11 porcupines
  25 orc warriors
  3 ice beasts
  3 sky beasts
  A black bear (Lair:6)
  10 ogres
  5 boggarts (D:13)
  2 phantoms
  17 wolves
  13 crocodiles
  21 centaurs
  4 big kobolds
  25 bullfrogs
  A water moccasin zombie (D:5)
  A wyvern skeleton (D:11)
  Dowan (D:5)
  A scorpion (D:8)
  25 killer bees
  12 wights
  10 electric eels
  6 crimson imps
  3 lava snakes
  2 bullfrog zombies
  2 quasits
  12 hounds
  4 centaur skeletons
  3 bullfrog skeletons
  10 orc priests
  Jessica (D:3)
  Natasha (D:4)
  6 iguanas
  25 orc wizards
  6 worker ants
  A killer bee zombie (D:10)
  A hound skeleton (D:6)
  3 mummies (Ossuary)
  Robin (D:4)
  A worker ant zombie (D:8)
  11 gnolls
  13 adders
  A shadow imp (D:12)
  4 adder zombies
  2 adder skeletons
  A worm (D:2)
  8 leopard geckos
  80 orcs
  A ball python (D:1)
  6 bats
  A giant cockroach (D:1)
  19 goblins
  8 hobgoblins
  9 jackals
  5 quokkas
  3 frilled lizards
  A giant cockroach zombie (D:6)
  3 gnoll zombies (Ossuary)
  5 goblin zombies (Ossuary)
  2 hobgoblin zombies (Ossuary)
  26 kobolds
  2 kobold zombies (Ossuary)
  2 leopard gecko skeletons
  3 quokka zombies (Ossuary)
  3 rats
  A demonic plant (D:11)
  A fire vortex (D:11)
  4 tentacles (Shoals:1)
857 creatures vanquished.

Vanquished Creatures (collateral kills)
  Arachne (Spider:2)
  The ghost of Mahasti the Carver, a journeyman DrAr of Okawaru (Spider:1)
  A fire dragon (Lair:1)
  The ghost of Valxa the Fighter, a journeyman DrAr of Nemelex Xobeh (D:12)
  A hydra (Lair:2)
  An oklob plant (Lair:2)
  A spiny frog (Lair:1)
  2 jumping spiders (Spider:1)
  2 wolves (Lair:6)
  A crimson imp (D:12)
  A lava snake (Lair:1)
  A fungus (Lair:2)
  A plant (Lair:2)
15 creatures vanquished.

Vanquished Creatures (others)
  A merfolk avatar (Shoals:1)
  An orc wizard (Orc:2)
  2 orcs (Orc:2)
  A demonic plant (D:11)
  2 fungi (Lair:6)
  9 plants
  13 tentacles (Shoals:1)
29 creatures vanquished.

Grand Total: 901 creatures vanquished

Notes
Turn   | Place    | Note
-------+----------+-------------------------------------------
     0 | D:1      | ChaseSP the Deep Dwarf Fighter began the quest for the Orb.
     0 | D:1      | Reached XP level 1. HP: 20/20 MP: 1/1
   251 | D:1      | Reached XP level 2. HP: 27/27 MP: 2/2
   264 | D:1      | Reached skill level 3 in Maces & Flails
   655 | D:2      | Reached XP level 3. HP: 23/33 MP: 3/3
  1081 | D:3      | Reached skill level 4 in Maces & Flails
  1330 | D:3      | Reached XP level 4. HP: 40/40 MP: 4/4
  1502 | D:3      | Noticed Jessica
  1509 | D:3      | Killed Jessica
  1509 | D:3      | Reached skill level 5 in Maces & Flails
  1762 | D:4      | Noticed Robin
  1787 | D:3      | Reached XP level 5. HP: 20/46 MP: 5/5
  1904 | D:4      | Killed Robin
  1967 | D:4      | Reached skill level 6 in Maces & Flails
  2223 | D:4      | Reached XP level 6. HP: 45/55 MP: 5/5
  2394 | D:4      | Noticed Natasha
  2399 | D:4      | Killed Natasha
  2556 | D:4      | Found a sparkling altar of Nemelex Xobeh.
  2898 | D:5      | Entered Level 5 of the Dungeon
  2903 | D:5      | Found a blossoming altar of Fedhas.
  2937 | D:5      | Noticed a sky beast
  2948 | D:5      | Killed a sky beast
  2948 | D:5      | Reached skill level 7 in Maces & Flails
  2991 | D:5      | Noticed Dowan
  3005 | D:5      | Reached XP level 7. HP: 61/61 MP: 6/6
  3009 | D:5      | Killed Dowan
  3009 | D:5      | Reached skill level 8 in Maces & Flails
  3168 | D:5      | Found a sand-covered staircase.
  3185 | Ossuary  | Entered an ossuary
  3499 | D:5      | Noticed Duvessa
  3536 | D:5      | Killed Duvessa
  3536 | D:5      | Reached skill level 9 in Maces & Flails
  3694 | D:5      | Found Vismaa's Armour Emporium.
  3699 | D:5      | Bought a +1 ring mail of fire resistance for 192 gold pieces
  3699 | D:5      | Bought a +0 cloak for 54 gold pieces
  4016 | D:6      | Reached XP level 8. HP: 33/68 MP: 7/7
  4203 | D:6      | Reached skill level 10 in Maces & Flails
  4447 | D:6      | Found a staircase to the Ecumenical Temple.
  4552 | Temple   | Entered the Ecumenical Temple
  4605 | Temple   | Became a worshipper of Makhleb the Destroyer
  4897 | D:7      | Reached skill level 1 in Invocations
  5003 | D:7      | Found a stormy altar of Qazlal.
  5776 | D:7      | Reached skill level 11 in Maces & Flails
  5795 | D:7      | Gained mutation: You passively map the area around you. [Deep Dwarf growth]
  5795 | D:7      | Reached XP level 9. HP: 34/74 MP: 10/10
  6115 | D:7      | Gained mutation: Your spells are a little harder to cast, but a little more powerful. [potion of mutation]
  6115 | D:7      | Gained mutation: You are clumsy. (Dex -2) [potion of mutation]
  6143 | D:8      | Noticed a troll
  6157 | D:8      | Killed a troll
  6188 | D:8      | Noticed Grum
  6213 | D:8      | Reached skill level 5 in Armour
  6222 | D:8      | Killed Grum
  6294 | D:8      | Reached * piety under Makhleb
  6349 | D:8      | Reached skill level 5 in Invocations
  6430 | D:8      | Reached skill level 12 in Maces & Flails
  6513 | D:8      | Found Rinomelo's Assorted Antiques.
  6517 | D:8      | Bought a runed shield for 252 gold pieces
  7203 | D:9      | Found an opulent altar of Gozag.
  7416 | D:9      | Reached XP level 10. HP: 63/81 MP: 9/9
  7727 | D:9      | Found a staircase to the Lair.
  7791 | D:9      | Reached skill level 13 in Maces & Flails
  7924 | D:9      | Reached ** piety under Makhleb
  8024 | D:10     | Entered Level 10 of the Dungeon
  8287 | D:10     | Found Lajoli's Gadget Shoppe.
  8571 | D:10     | Reached skill level 14 in Maces & Flails
  8798 | Lair:1   | Entered Level 1 of the Lair of Beasts
  8970 | Lair:1   | Reached XP level 11. HP: 59/90 MP: 10/10
  9162 | Lair:1   | Noticed Fannar
  9303 | D:9      | Reached skill level 1 in Dodging
  9424 | D:9      | Reached *** piety under Makhleb
  9424 | D:9      | Reached skill level 5 in Shields
  9461 | Lair:1   | Killed Fannar
  9970 | Lair:1   | Noticed Joseph
 10038 | Lair:1   | Killed Joseph
 10185 | Lair:1   | Noticed a fire dragon
 10728 | Lair:2   | Reached skill level 1 in Evocations
 11034 | Lair:2   | Noticed a six-headed hydra
 11043 | Lair:2   | Killed a six-headed hydra
 11220 | Lair:2   | Noticed an oklob plant
 11247 | Lair:2   | Killed an oklob plant
 11821 | Lair:3   | Reached skill level 10 in Armour
 11856 | Lair:3   | Reached skill level 1 in Crossbows
 11863 | Lair:3   | Reached XP level 12. HP: 100/100 MP: 7/7
 11880 | Lair:3   | Reached **** piety under Makhleb
 11906 | Lair:3   | Found a labyrinth entrance.
 11916 | Lab      | Entered a labyrinth
 12540 | Lab      | Noticed a minotaur
 12560 | Lab      | Killed a minotaur
 12576 | Lab      | Got a heavily runed bone ring
 12578 | Lab      | Identified the ring "Nankokiung" {rElec rN+ MP-9 Int+7 Dex+5} (You found it in a labyrinth)
 12662 | Lair:3   | Reached skill level 5 in Fighting
 12680 | Lair:3   | Reached skill level 5 in Dodging
 12934 | Lair:3   | Found a staircase to the Shoals.
 12944 | Lair:3   | Reached skill level 5 in Evocations
 13168 | Lair:3   | Found a hole to the Spider Nest.
 13528 | Lair:4   | Reached skill level 5 in Crossbows
 13582 | Lair:4   | Noticed Urug
 13611 | Lair:4   | Killed Urug
 13669 | Lair:4   | Noticed Snorg
 13669 | Lair:4   | Noticed Nessos
 13711 | Lair:4   | Killed Snorg
 13776 | Lair:4   | Killed Nessos
 13779 | Lair:4   | Gained mutation: You expend magic power (3 MP) to strengthen your wands. [potion of mutation]
 13779 | Lair:4   | Gained mutation: You are frail. (-10% HP) [potion of mutation]
 13779 | Lair:4   | Gained mutation: You evolve. [potion of mutation]
 13781 | Lair:4   | Lost mutation: You are clumsy. (Dex -2) [potion of beneficial mutation]
 14672 | Lair:5   | Noticed an eight-headed hydra
 14705 | Lair:5   | Killed an eight-headed hydra
 14705 | Lair:5   | Reached XP level 13. HP: 85/99 MP: 6/6
 14846 | Lair:5   | Gained mutation: You have a pair of small antennae on your head. [evolution]
 14920 | Lair:5   | Reached skill level 1 in Spellcasting
 15399 | Lair:6   | Entered Level 6 of the Lair of Beasts
 15750 | Lair:6   | Found a staircase to the Slime Pits.
 15816 | Lair:6   | Found a viscous altar of Jiyva.
 15999 | Lair:6   | Reached ***** piety under Makhleb
 16323 | Lair:6   | Reached skill level 10 in Invocations
 16400 | Lair:6   | Gained mutation: You have large cloven feet. [potion of beneficial mutation]
 16979 | Lair:5   | Gained mutation: Your muscles are strong. (Str +2) [evolution]
 16979 | Lair:5   | Lost mutation: You evolve. [end of evolution]
 17279 | Lair:1   | Killed a fire dragon
 17279 | Lair:1   | Gained mutation: You resist negative energy. (rN+) [Deep Dwarf growth]
 17279 | Lair:1   | Reached XP level 14. HP: 58/108 MP: 8/8
 17351 | Lair:1   | Got a shimmering mace
 17352 | Lair:1   | Identified the cursed +3 mace "Impbane" {chaos, rElec Str+4} (You found it on level 1 of the Lair of Beasts)
 17988 | D:11     | Found a corrupted altar of Lugonu.
 18022 | D:11     | Noticed a tengu reaver
 18062 | D:11     | Killed a tengu reaver
 19012 | D:12     | Noticed Valxa's ghost (journeyman DrAr)
 19053 | D:12     | Killed Valxa's ghost
 19380 | D:12     | Found a staircase to the Orcish Mines.
 20070 | D:12     | Reached skill level 10 in Shields
 20101 | D:12     | Reached ****** piety under Makhleb
 20173 | Orc:1    | Entered Level 1 of the Orcish Mines
 20217 | Orc:2    | Entered Level 2 of the Orcish Mines
 20385 | Orc:2    | Found Tase's Food Shop.
 20509 | Orc:1    | Noticed Nurple's ghost (journeyman GrFi)
 20538 | Orc:2    | Found Xeoqasuff's Weapon Shop.
 20748 | Orc:1    | Killed Nurple's ghost
 21531 | Orc:2    | Found Itrot's Gadget Shoppe.
 21702 | Orc:2    | Found a staircase to the Elven Halls.
 22042 | Orc:2    | Found Pair's Assorted Antiques.
 22042 | Orc:2    | Found Wodadal's Food Shoppe.
 22046 | Orc:2    | Found Nyuqok's Armour Boutique.
 22046 | Orc:2    | Found Lusojyam's Antique Armour Shoppe.
 22055 | Orc:2    | Bought a glowing hat for 360 gold pieces
 22063 | Orc:2    | Bought a coppery potion for 28 gold pieces
 22063 | Orc:2    | Bought a potion of heal wounds for 160 gold pieces
 22063 | Orc:2    | Bought 2 potions of lignification for 192 gold pieces
 22063 | Orc:2    | Bought a black potion for 28 gold pieces
 22552 | D:13     | Reached XP level 15. HP: 82/120 MP: 10/10
 22933 | D:13     | Found Hoaf's General Store.
 23024 | D:13     | Found a gate to the Vaults.
 24415 | D:14     | Noticed Louise
 24459 | D:14     | Killed Louise
 24980 | D:15     | Entered Level 15 of the Dungeon
 25321 | D:15     | Reached skill level 10 in Fighting
 25450 | D:15     | Found a staircase to the Depths.
 25653 | D:15     | Reached skill level 10 in Evocations
 26276 | Spider:1 | Entered Level 1 of the Spider Nest
 26480 | Spider:1 | Noticed Mahasti's ghost (journeyman DrAr)
 26515 | Spider:1 | Killed Mahasti's ghost
 27435 | Spider:1 | Reached XP level 16. HP: 119/132 MP: 12/12
 27491 | Spider:2 | Reached skill level 10 in Dodging
 27652 | Spider:2 | Noticed Arachne
 27670 | Spider:2 | Killed Arachne
 27940 | Spider:2 | Noticed Agnes
 27970 | Spider:2 | Killed Agnes
 28351 | Spider:3 | Noticed Asterion
 28932 | Shoals:1 | Entered Level 1 of the Shoals
 29119 | Shoals:1 | Noticed a kraken
 29212 | Shoals:1 | Killed a kraken
 30561 | Shoals:2 | Reached skill level 15 in Maces & Flails
 30832 | Shoals:2 | Noticed Nikola
 30846 | Shoals:2 | Noticed Aizul
 30872 | Shoals:2 | HP: 3/135 [Aizul/poison arrow (28)]
 30872 | Shoals:2 | Slain by a merfolk impaler

Skill      XL: |  1  2  3  4  5  6  7  8  9 10 11 12 13 14 15 16 |
---------------+-------------------------------------------------+-----
Maces & Flails | 3 4 5 6 7 9 11 12 14 15 | 15.2
Invocations    | 3 5 7 9 10 12 13 14 | 14.6
Armour         | 4 6 8 10 11 12 13 | 13.6
Shields        | 4 6 8 9 10 | 10.0
Fighting       | 3 4 5 6 8 10 11 | 11.0
Dodging        | 4 6 7 8 9 10 | 10.4
Evocations     | 3 6 8 10 | 10.0
Crossbows      | 1 5 7 8 |  8.1
Spellcasting   | 3 |  3.1

Action                   |  1- 3 |  4- 6 |  7- 9 | 10-12 | 13-15 | 16-18 || total
-------------------------+-------+-------+-------+-------+-------+-------++-------
Melee: Flail             |   125 |   239 |   643 |  1334 |  2938 |   311 ||  5590
       Great mace        |       |       |       |       |    21 |   247 ||   268
 Fire: Hand crossbow     |       |       |       |     1 |    26 |       ||    27
Invok: Lesser Servant of |       |       |       |     1 |     6 |       ||     7
       Major Destruction |       |       |       |     3 |     9 |     4 ||    16
       Minor Destruction |       |       |       |       |     2 |       ||     2
       Greater Servant o |       |       |       |       |     1 |     2 ||     3
 Abil: Device Recharging |       |     1 |     3 |     9 |     1 |     3 ||    17
Evoke: Wand              |     1 |     4 |    15 |    57 |    22 |    16 ||   115
  Use: Scroll            |       |     9 |     8 |    18 |    19 |     8 ||    62
       Potion            |       |     3 |     4 |    11 |     7 |     4 ||    29
 Stab: Petrified         |       |       |       |       |     9 |       ||     9
       Distracted        |       |       |       |       |     6 |     1 ||     7
  Eat: Chunk             |     2 |     4 |    13 |    23 |    39 |     8 ||    89
       Fruit             |       |       |     2 |     3 |     5 |       ||    10
       Beef jerky        |       |       |     1 |       |     1 |     2 ||     4
       Pizza             |       |       |       |       |       |     1 ||     1
Armor: Scale mail        |    60 |   152 |    44 |    30 |       |       ||   286
       Ring mail         |       |       |   159 |   132 |     2 |       ||   293
       Plate armour      |       |       |       |   194 |  1059 |   390 ||  1643
       Skin              |       |       |       |    45 |    20 |       ||    65
       Fire dragon scale |       |       |       |       |     3 |    69 ||    72
Dodge: Dodged            |    44 |    97 |   183 |   237 |   821 |   393 ||  1775
Block: Shield            |    82 |   143 |   305 |   654 |  1786 |   334 ||  3304
